Map: Oxide LE

Players

ExpecT

  • Race: Terran Terran
  • Spawn Location: 1:00

GogojOey - Winner!

  • Race: Zerg Zerg
  • Spawn Location: 7:00

Event: DreamHack SC2 Masters 2020 Winter

VOD

Have the link to the VOD?

Description

Time

  • Played on: Oct. 15, 2020, 7:53 a.m.
  • Length: 10:47

All games in this series

Show
View Real Time Build Order
Export as new Build Order

ExpecT Terran 

Build Orders: Reaper Expand, Hellion Banshee 

Get SALT Encoding   

  12  0:00  SCV  
  13  0:13  SCV  
  14  0:17  Supply Depot  
  14  0:25  SCV  
  15  0:38  SCV  
  15  0:39  Barracks  
  16  0:44  Refinery  
  16  0:50  SCV  
  17  1:03  SCV  
  18  1:15  SCV  
  19  1:27  Orbital Command  
  19  1:28  Reaper  
  20  1:39  Command Center  
  20  1:52  SCV  
  21  1:54  Supply Depot  
  21  2:00  Marine  
  22  2:05  Factory  
  22  2:09  SCV  
  23  2:25  SCV  
  23  2:28  Barracks Reactor  
  24  2:40  Command Center  
  24  2:41  SCV  
  25  2:52  Orbital Command  
  25  2:55  SCV  
  25  3:00  Starport  
  25  3:07  SCV  
  25  3:12  Refinery  
  25  3:14  Hellion  
  25  3:18  Hellion  
  29  3:22  Barracks Tech Lab  
  29  3:27  SCV  
  29  3:28  SCV  
  31  3:41  SCV x2, Hellion  
  33  3:42  Hellion  
  37  3:52  Banshee  
  37  3:54  Orbital Command  
  40  4:00  Cloaking Field  
  40  4:01  SCV x2  
  42  4:09  Barracks Tech Lab, Hellion x2  
  46  4:15  SCV x2  
  48  4:24  SCV  
  48  4:27  SCV  
  48  4:28  Stimpack  
  50  4:32  SCV  
  50  4:36  SCV  
  52  4:39  SCV  
  52  4:40  Barracks  
  52  4:41  Banshee  
  52  4:43  Barracks  
  56  4:46  Marine  
  56  4:47  SCV  
  56  4:49  SCV  
  56  4:52  SCV, Factory Reactor  
  60  4:53  Supply Depot  
  60  5:03  Supply Depot  
  60  5:04  Engineering Bay  
  60  5:05  SCV, Engineering Bay  
  61  5:12  Refinery  
  61  5:13  Refinery  
  61  5:15  SCV  
  61  5:18  Supply Depot  
  61  5:19  SCV  
  64  5:23  Marine  
  64  5:24  Orbital Command  
  64  5:27  SCV  
  65  5:28  Supply Depot  
  65  5:29  Marine  
  65  5:30  Marine  
  65  5:35  SCV  
  68  5:39  Marine x2, SCV  
  68  5:40  Terran Infantry Armor Level 1, Terran Infantry Weapons Level 1  
  68  5:41  Marine, Starport Reactor  
  72  5:47  SCV, Marine x2  
  75  5:51  SCV  
  75  5:54  SCV  
  77  5:59  SCV  
  77  6:01  Marine x3  
  77  6:02  Siege Tank  
  77  6:03  SCV  
  85  6:05  Marine  
  85  6:06  SCV  
  85  6:11  Supply Depot x2  
  87  6:12  SCV  
  87  6:16  Combat Shield, SCV, Marine  
  87  6:18  SCV  
  91  6:19  Marine  
  92  6:29  Barracks  
  92  6:30  SCV  
  92  6:31  Barracks  
  92  6:32  Medivac x2, SCV x2  
  99  6:36  Siege Tank, Supply Depot  
  102  6:44  SCV  
  102  6:45  SCV x2  
  105  6:50  Marine  
  105  6:53  Missile Turret  
  100  6:55  Missile Turret x2  
  100  6:56  Marine x4  
  100  6:59  Armory  
  104  7:02  SCV x3, Supply Depot  
  104  7:07  Missile Turret, Marine  
  108  7:09  Missile Turret  
  108  7:16  Marine  
  108  7:17  Marine x2  
  108  7:20  Siege Tank  
  108  7:21  Barracks Reactor  
  108  7:22  Barracks Reactor  
  113  7:28  Supply Depot x2  
  113  7:29  Medivac x2  
  117  7:30  Marine x2  
  117  7:34  Marine x3, Refinery  
  122  7:40  Factory  
  122  7:47  Marine  
  122  7:48  Marine  
  122  7:50  Supply Depot  
  124  7:52  Marine x3, Siege Tank  
  130  7:59  Marine x2  
  130  8:00  Supply Depot  
  130  8:02  Marine x2, Supply Depot  
  134  8:05  Marine x2  
  134  8:09  Terran Infantry Weapons Level 2  
  134  8:10  Marine x3, Terran Infantry Armor Level 2  
  139  8:16  Marine  
  139  8:17  Marine, Supply Depot  
  139  8:18  Supply Depot  
  141  8:20  Marine x2  
  141  8:23  Marine x2  
  141  8:24  Siege Tank  
  148  8:28  Marine x3  
  148  8:33  Factory Reactor  
  151  8:34  Marine x2  
  151  8:38  Marine x2  
  153  8:45  Marine x3  
  153  8:46  Marine x2  
  153  8:47  Medivac x2  
  162  8:52  Marine x2  
  164  8:56  Supply Depot  
  164  8:57  Marine x2  
  139  9:03  Marine x2  
  139  9:07  Marine  
  139  9:08  Marine  
  117  9:11  Marine  
  117  9:12  Marine x2  
  117  9:15  Marine x2, Drilling Claws  
  117  9:17  Widow Mine x2  
  110  9:18  Medivac x2  
  110  9:19  Thor  
  110  9:20  Marine  
  110  9:21  Marine  
  117  9:25  Marine x2  
  117  9:30  Marine x3  
  121  9:32  Marine  
  122  9:43  Marine x3  
  122  9:45  Command Center  
  125  9:47  Marine x2  
  125  9:48  Marine x2  
  125  9:51  Medivac x2  
  131  9:58  Marine  
  132  10:01  Marine x2  
  132  10:02  Thor  
  134  10:08  Marine x4  
  134  10:16  Marine  
  134  10:19  Widow Mine x2  
  133  10:22  Barracks Reactor  
  133  10:28  Marine x4  
Show
View Real Time Build Order
Export as new Build Order

GogojOey Zerg - Winner!

Build Orders: Hatch First, Muta Ling Bane 

Get SALT Encoding   

  12  0:00  Drone  
  13  0:12  Overlord  
  13  0:16  Drone  
  14  0:30  Drone  
  14  0:31  Drone  
  16  0:48  Hatchery  
  15  0:50  Drone  
  15  0:54  Drone  
  17  0:57  Drone  
  18  1:08  Extractor  
  17  1:13  Spawning Pool  
  17  1:15  Drone  
  17  1:19  Drone  
  18  1:28  Drone  
  19  1:39  Drone  
  20  1:49  Drone  
  21  1:59  Queen x2  
  21  2:00  Zergling x4  
  27  2:10  Overlord  
  27  2:24  Drone  
  27  2:27  Drone  
  28  2:31  Drone  
  28  2:33  Drone x2  
  28  2:35  Queen  
  33  2:37  Queen  
  33  2:41  Metabolic Boost  
  33  2:43  Overlord  
  35  2:59  Hatchery  
  35  3:01  Drone  
  35  3:05  Drone  
  35  3:06  Drone  
  35  3:08  Drone  
  35  3:11  Drone  
  35  3:12  Drone  
  40  3:16  Drone x2  
  42  3:21  Overlord  
  42  3:22  Drone  
  42  3:24  Drone  
  44  3:31  Spore Crawler  
  44  3:32  Drone  
  44  3:38  Overlord  
  44  3:41  Drone x2  
  44  3:42  Queen  
  44  3:46  Drone x3  
  51  3:58  Overlord x2  
  51  3:59  Drone  
  51  4:01  Lair  
  52  4:13  Zergling x2  
  52  4:15  Drone x3, Queen  
  52  4:16  Drone  
  59  4:19  Drone x2  
  59  4:20  Extractor  
  59  4:22  Drone x2  
  62  4:24  Extractor  
  62  4:25  Spore Crawler  
  62  4:28  Spore Crawler  
  59  4:31  Drone  
  59  4:33  Baneling Nest  
  59  4:34  Drone x2  
  59  4:38  Drone x2  
  63  4:41  Drone  
  63  4:45  Extractor, Zergling x4  
  65  4:48  Spore Crawler  
  64  4:56  Overlord  
  64  4:58  Drone x5, Overseer  
  69  5:03  Drone x2  
  71  5:10  Spire  
  71  5:11  Drone x4  
  74  5:14  Drone  
  74  5:15  Drone  
  76  5:21  Overlord  
  76  5:22  Drone x2  
  76  5:24  Drone  
  79  5:32  Drone x4, Extractor  
  79  5:33  Centrifical Hooks  
  79  5:34  Drone, Extractor  
  82  5:36  Drone  
  82  5:38  Overlord  
  82  5:39  Drone  
  84  5:44  Overseer  
  84  5:45  Drone x2  
  84  5:46  Drone  
  87  5:53  Overlord  
  87  5:54  Zergling x6  
  90  6:17  Hatchery  
  89  6:21  Overlord  
  89  6:23  Mutalisk x7  
  103  6:28  Zerg Flyer Weapons Level 1  
  103  6:29  Drone x2  
  103  6:32  Evolution Chamber  
  104  6:33  Evolution Chamber  
  104  6:35  Overlord  
  104  6:36  Mutalisk, Hatchery  
  104  6:38  Zergling x4  
  106  6:41  Queen  
  105  6:50  Drone x3  
  105  6:51  Drone  
  108  6:54  Zergling x14  
  108  6:58  Zerg Melee Weapons Level 1, Zerg Ground Armor Level 1  
  114  7:02  Drone  
  114  7:03  Spine Crawler  
  114  7:04  Mutalisk x2  
  114  7:07  Drone x3  
  121  7:08  Drone  
  121  7:15  Baneling x7  
  122  7:18  Overseer  
  122  7:22  Overlord x3  
  122  7:26  Overlord  
  122  7:29  Queen, Overlord  
  124  7:30  Extractor  
  124  7:34  Mutalisk x2  
  124  7:36  Baneling x2  
  127  7:38  Zergling x2  
  127  7:42  Zergling x16  
  136  7:46  Drone  
  136  7:49  Drone  
  138  7:52  Drone x2, Pneumatized Carapace  
  138  7:54  Drone x2  
  138  7:55  Drone x3  
  138  7:57  Drone x2  
  147  7:59  Drone x2  
  147  8:03  Mutalisk x4  
  156  8:06  Zergling x2  
  156  8:10  Zergling x6  
  156  8:12  Baneling x7  
  160  8:13  Zergling x2  
  160  8:14  Baneling x2  
  160  8:17  Baneling x2  
  161  8:22  Baneling x3  
  161  8:23  Zergling x10  
  166  8:29  Overlord x3  
  166  8:38  Baneling x9  
  166  8:44  Overlord x2  
  166  8:47  Baneling x4  
  166  8:48  Zergling x16  
  166  8:49  Zergling x12  
  180  9:02  Mutalisk x4  
  151  9:11  Mutalisk  
  151  9:13  Zergling x24  
  151  9:15  Baneling x5  
  160  9:27  Hatchery  
  153  9:34  Zergling x24  
  153  9:35  Extractor  
  162  9:45  Zergling x14  
  169  9:48  Baneling x6  
  169  9:55  Baneling x5  
  169  9:56  Zergling x4  
  169  9:57  Zergling x14  
  172  10:09  Zergling x24  
  172  10:12  Mutalisk x4  
  186  10:17  Zergling x8  
  185  10:29  Zergling x10  
Tags
 
Add a new tag
Caveats
  • Supply blocks, unpowered buildings, or Contaminate may cause inaccurate times.
  • Supply counts are checked every 10 seconds.